 Dungeon Crawl Stone Soup version 0.31-a0-177-g4aa6249778 (webtiles) character file.

Game seed: 17637277183795698475

2387372 Sergey the Evocator (level 26, 246/246 HPs)
             Began as a Demonspawn Transmuter on June 18, 2023.
             Was an Initiate of Gozag.
             Escaped with the Orb
             ... and 4 runes!
             The game lasted 02:14:38 (66389 turns).

Sergey the Evocator (Demonspawn Transmuter)        Turns: 66389, Time: 02:14:38

Health: 246/246    AC: 45    Str: 19    XL:     26   Next: 46%
Magic:  26/26      EV:  8    Int: 15    God:    Gozag
Gold:   7224       SH: 19    Dex: 15    Spells: 24/29 levels left

rFire   + + +        q - +9 broad axe (flame)
rCold   + + .        E - +5 Storm Queen's Shield {shock, Fly rElec}
rNeg    + . .        j - +12 gold dragon scales
rPois   +            M - +1 helmet "Itunidai" {rCorr}
rElec   +            s - +4 cloak "Tyigg" {Slay+3}
rCorr   +            (gloves unavailable)
SInv    +            J - +3 pair of seven-league boots {Rampage+∞}
Will    +++..        l - amulet of Lady Luck {rElec Regen+} Stlth
                     u - ring of Balance {rN+ Slay+3 SInv}
HPRegen 1.41/turn    H - ring of Oguon {rF++ Will+ Slay+2}
MPRegen 0.20/turn

%: rampage+∞
@: flying, studying 2 skills
A: hurl damnation, ignite blood 2, powered by death 3, torment resistance 1,
sharp scales 3, demonic willpower, demonic touch 3, cold resistance 1, deformed
body, dopey 1, robust 1
0: Orb of Zot
}: 4/15 runes: barnacled, slimy, silver, gossamer
a: Hurl Damnation, Renounce Religion, Potion Petition, Call Merchant, Bribe
Branch


You escaped.
You worshipped Gozag.
Gozag was greatly pleased with you.
You visited 11 branches of the dungeon, and saw 55 of its levels.
You also visited: Trove, Ossuary, Bailey, Ice Cave and Wizlab.

You collected 29308 gold pieces.
You spent 5982 gold pieces at shops.
You paid 16102 gold pieces to Gozag.

Inventory:

Hand Weapons
 q - a +9 broad axe of flaming (weapon)
 w - the +11 war axe of Grontol {freeze, rC++ Dex+2}
   (You found it on level 14 of the Dungeon)

   Dex:       It affects your dexterity (+2).
   rC:        It greatly protects you from cold.
Missiles
 f - 9 curare-tipped darts
 Q - 5 javelins
 S - 4 throwing nets
 U - 45 boomerangs (quivered)
Armour
 j - +12 gold dragon scales (worn)
 s - the +4 cloak "Tyigg" (worn) {Slay+3}
   (You acquired it on level 5 of the Pits of Slime)

   Slay:      It affects your accuracy & damage with ranged weapons and melee
   (+3).
 A - a scarf of repulsion
 E - the +5 Storm Queen's Shield (worn) {shock, Fly rElec}
   (You bought it in a shop on level 10 of the Dungeon)

   Shock:     When it blocks an attack, it may electrocute the attacker.
   This works even against foes who are a short distance away.
   rElec:     It insulates you from electricity.
   Fly:       It grants you flight.
 J - the +3 pair of seven-league boots (worn) {Rampage+∞}
   (You bought it in a shop on level 10 of the Dungeon)

   Rampage+∞: When moving toward enemies, its wearer moves as far as possible,
   alerting their target en route.
 M - the +1 helmet "Itunidai" (worn) {rCorr}
   (You found it on level 6 of the Dungeon)

   rCorr:     It protects you from acid and corrosion.
Jewellery
 a - a +4 ring of protection
 l - the amulet of Lady Luck (around neck) {rElec Regen+}
   (You found it on level 3 of the Elven Halls)

   [amulet of regeneration]

   rElec:     It insulates you from electricity.
   Regen:     It increases your rate of health regeneration.
 u - the ring of Balance (left hand) {rN+ Slay+3 SInv}
   (You found it on level 3 of the Elven Halls)

   [ring of positive energy]

   Slay:      It affects your accuracy & damage with ranged weapons and melee
   (+3).
   rN:        It protects you from negative energy.
   SInv:      It lets you see invisible.
 H - the ring of Oguon (right hand) {rF++ Will+ Slay+2}
   (You acquired it on level 2 of the Orcish Mines)

   [ring of willpower]

   Slay:      It affects your accuracy & damage with ranged weapons and melee
   (+2).
   rF:        It greatly protects you from fire.
   Will:      It increases your willpower.
Wands
 o - a wand of paralysis (77)
 p - a wand of quicksilver (16)
 v - a wand of digging (34)
 G - a wand of roots (47)
 L - a wand of flame (121)
 O - a wand of mindburst (26)
 V - a wand of polymorph (11)
Scrolls
 c - 12 scrolls of fear
 h - 10 scrolls of poison
 m - 6 scrolls of revelation {@r5}
 n - 29 scrolls of teleportation {@r3}
 y - 10 scrolls of fog {@r2}
 F - 8 scrolls of vulnerability {!r}
 I - 5 scrolls of immolation
 K - a scroll of silence {!r}
 N - 7 scrolls of blinking {@r4}
 T - 2 scrolls of butterflies
Potions
 b - 13 potions of heal wounds {@q1}
 d - 6 potions of ambrosia
 e - 15 potions of enlightenment
 g - 7 potions of resistance
 i - 21 potions of curing {@q2}
 r - 6 potions of might {@q3}
 t - 14 potions of haste {@q5}
 x - 15 potions of lignification
 z - 10 potions of mutation
 P - 12 potions of cancellation
 R - 4 potions of attraction
 W - 5 potions of brilliance
 Y - 2 potions of invisibility
Miscellaneous
 B - a tin of tremorstones (2/2)
 C - a sack of spiders
 D - a lightning rod (4/4)
 X - a phantom mirror
 Z - a phial of floods


   Skills:
 + Level 21.7 Fighting
 + Level 17.1(18.4) Axes
 - Level 10.0(14.7) Maces & Flails
 - Level 6.0(12.6) Polearms
 - Level 5.0 Throwing
 - Level 20.5 Armour
 + Level 10.0 Dodging
 - Level 1.7 Stealth
 + Level 15.5 Shields
 - Level 2.6 Unarmed Combat
 - Level 2.0 Spellcasting
 - Level 1.7 Transmutations
 + Level 23.4 Evocations


You had 24 spell levels left.
You knew the following spells:

 Your Spells              Type           Power      Damage    Failure   Level
a - Beastly Appendage     Tmut           12%        N/A       99%         1
h - Passwall              Tmut/Erth      3%         N/A       100%        2
x - Wereblood             Tmut           6%         N/A       100%        2

Your spell library contained the following spells:

 Spells                   Type           Power      Damage    Failure   Level
 Apportation              Tloc           2%         N/A       100%        1
 Foxfire                  Conj/Fire      4%         2x1d4     100%        1
 Freeze                   Ice            4%         1d3       100%        1
 Kiss of Death            Conj/Necr      4%         2d5       100%        1
 Sandblast                Erth           2%         2d4       100%        1
 Shock                    Conj/Air       4%         1d3       100%        1
 Slow                     Hex            4%         N/A       100%        1
 Blink                    Tloc           2%         N/A       100%        2
 Cigotuvi's Dreadful Rot  Necr/Pois/Air  2%         N/A       100%        2
 Ensorcelled Hibernation  Hex/Ice        2%         N/A       100%        2
 Lesser Beckoning         Tloc           2%         N/A       100%        2
 Momentum Strike          Conj/Tloc      2%         3d8       100%        2
 Static Discharge         Conj/Air       2%         2-3/arc   100%        2
 Sublimation of Blood     Necr           1%         N/A       100%        2
 Confusing Touch          Hex            1%         N/A       100%        3
 Dazzling Flash           Conj/Hex       2%         N/A       100%        3
 Frozen Ramparts          Ice            2%         1d1       100%        3
 Gell's Gravitas          Tloc           1%         N/A       100%        3
 Hailstorm                Conj/Ice       1%         3d3       100%        3
 Ignite Poison            Fire/Tmut/Pois 3%         N/A       100%        3
 Inner Flame              Hex/Fire       1%         N/A       100%        3
 Ozocubu's Armour         Ice            1%         N/A       100%        3
 Spider Form              Tmut/Pois      4%         N/A       100%        3
 Stone Arrow              Conj/Erth      2%         3d7       100%        3
 Swiftness                Air            1%         N/A       100%        3
 Teleport Other           Tloc           1%         N/A       100%        3
 Vampiric Draining        Necr           1%         2d6       100%        3
 Vhi's Electric Charge    Tloc/Air       2%         N/A       100%        3
 Volatile Blastmotes      Fire/Tloc      2%         2d10      100%        3
 Airstrike                Air            0%         2d(1-17)  100%        4
 Animate Armour           Summ/Erth      2%         N/A       100%        4
 Cause Fear               Hex            0%         N/A       100%        4
 Dispel Undead            Necr           1%         3d6       100%        4
 Flame Wave               Conj/Fire      1%         2d4       100%        4
 Ice Form                 Ice/Tmut       4%         N/A       100%        4
 Iskenderun's Mystic Bla  Conj/Tloc      1%         2d3       100%        4
 Manifold Assault         Tloc           1%         N/A       100%        4
 Petrify                  Tmut/Erth      4%         N/A       100%        4
 Sticky Flame             Conj/Fire      1%         2d3       100%        4
 Summon Ice Beast         Ice/Summ       1%         N/A       100%        4
 Summon Lightning Spire   Summ/Air       1%         N/A       100%        4
 Alistair's Intoxication  Tmut/Pois      2%         N/A       100%        5
 Arcjolt                  Conj/Air       0%         1d10      100%        5
 Blade Hands              Tmut           3%         N/A       100%        5
 Borgnjor's Vile Clutch   Necr/Erth      0%         N/A       100%        5
 Fireball                 Conj/Fire      0%         3d3       100%        5
 Freezing Cloud           Conj/Ice/Air   0%         6-21      100%        5
 Irradiate                Conj/Tmut      2%         3d12      100%        5
 Iskenderun's Battlesphe  Conj           1%         2d6       100%        5
 Metabolic Englaciation   Hex/Ice        0%         N/A       100%        5
 Summon Forest            Summ/Tloc      0%         N/A       100%        5
 Summon Mana Viper        Hex/Summ       1%         N/A       100%        5
 Conjure Ball Lightning   Conj/Air       0%         3x3d6     100%        6
 Death Channel            Necr           0%         N/A       100%        6
 Eringya's Noxious Bog    Tmut/Pois      2%         N/A       100%        6
 Leda's Unmaking          Conj/Erth      0%         9d1       100%        6
 Plasma Beam              Fire/Air       0%         2x1d10    100%        6
 Starburst                Conj/Fire      0%         6d3       100%        6
 Dragon Form              Tmut           3%         N/A       100%        7
 Haunt                    Necr/Summ      0%         N/A       100%        7
 Malign Gateway           Summ/Tloc      0%         N/A       100%        7
 Monstrous Menagerie      Summ           0%         N/A       100%        7
 Orb of Destruction       Conj           0%         9d5       100%        7
 Ozocubu's Refrigeration  Ice            0%         4d7       100%        7
 Spellforged Servitor     Conj/Summ      0%         N/A       100%        7
 Storm Form               Tmut/Air       2%         N/A       100%        7
 Summon Hydra             Summ           0%         N/A       100%        7
 Infestation              Necr           0%         N/A       100%        8
 Maxwell's Capacitive Co  Air            0%         ∞         100%        8
 Summon Horrible Things   Summ           0%         N/A       100%        8
 Chain Lightning          Conj/Air       0%         2d1       100%        9
 Dragon's Call            Summ           0%         N/A       100%        9
 Fire Storm               Conj/Fire      0%         6d1       100%        9
 Shatter                  Erth           0%         3d5*      100%        9
 Animate Dead             Necr           Unusable   N/A       N/A         4
 Simulacrum               Ice/Necr       Unusable   N/A       N/A         6

Dungeon Overview and Level Annotations

Branches:
Dungeon (15/15)            Temple (0/1) D:4            Lair (5/5) D:10
 Shoals (4/4) Lair:3       Spider (4/4) Lair:2        Slime (5/5) Lair:5
    Orc (2/2) D:10            Elf (3/3) Orc:2        Vaults (5/5) D:14
  Crypt (3/3) Vaults:3       Tomb (0/3) Crypt:3      Depths (4/4) D:15
    Zot (5/5) Depths:4    Ossuary (visited)          Bailey (visited)
  IceCv (visited)          WizLab (visited)

Altars:
Ashenzari
Gozag
Kikubaaqudgha
Qazlal
Trog
Uskayaw
Vehumet
Wu Jian
Jiyva

Shops:
D:6 ?   D:10 [[[[[((   Orc:1 ?   Orc:2 [*(:   Elf:1 [   Elf:3 !=?((
Vaults:3 *   Depths:1 [   Depths:4 *

Portals:
Hell: Depths:1 Depths:2 Depths:3 Depths:4
Abyss: Depths:3 Depths:4
Pandemonium: Depths:1 Depths:2
Ziggurat: Depths:2

Annotations:
D:2 exclusion: 2 downstairs
D:3 exclusion: downstairs
D:4 3 exclusions
D:5 exclusion: downstairs
D:7 9 exclusions
D:9 3 runed translucent doors, Yorgos's ghost, journeyman OgFE
D:15 Roxanne
Lair:4 exclusion: 4 oklob plants
Spider:3 Arachne
Elf:2 3 runed translucent doors
Vaults:4 36 runed doors


Innate Abilities, Weirdness & Mutations

You can hurl damnation.
Your demonic aura often causes spilled blood to erupt in flames.
You regenerate a lot of health from kills.
You are resistant to unholy torment.
You are completely covered in razor-sharp scales. (AC +3, Slay +3)
You punish those that try to bend your will. (Will+)
Your touch may irresistibly damage your foes and sap their willpower.
Your flesh is cold resistant. (rC+)
Armour fits poorly on your strangely shaped body.
You are dopey. (Int -2)
You are robust. (+10% HP)


Message History

(V) Vaults (C) Crypt (W) Tomb (U) Depths (H) Hell (Z) Zot
Where to? (Enter - D:1 @ (x,y), ? - help)
You now have 7219 gold pieces (gained 6).
Things that are here:
a +0 robe; a +0 scythe A ynoxinul comes into view.
The ynoxinul gestures at you. You block the entropic shot.
You stride towards the ynoxinul!
You open the ynoxinul like a pillowcase!!!
You burn the ynoxinul.
You kill the ynoxinul!
No target in view!
No target in view!
No target in view!
(D) Dungeon (T) Temple (L) Lair (A) Shoals (N) Spider Nest (M) Slime Pits (O) Orcish Mines (E) Elven Halls (V) Vaults (C) Crypt (W) Tomb (U) Depths (H) Hell (Z) Zot
Where to? (Enter - D:1 @ (x,y), ? - help)
You now have 7224 gold pieces (gained 5).
There is a stone staircase leading up here.
You fly upwards.
Level annotation: exclusion: downstairs
There is a stone staircase leading down here.
There is a stone staircase leading up here.
You fly upwards.
Level annotation: exclusion: 2 downstairs
There is a stone staircase leading down here.
You see here a +0 club.
You see here a +0 dagger.
There is a stone staircase leading up, spattered with blood here.
You fly upwards.
There is a stone staircase leading down here.
There is an open door here.
There is a staircase leading out of the dungeon here.
Unknown command.
Unknown command.
You have escaped!

#....#............................#
.....#.#.###...#####..............#
.....#.#.#....##≈≈≈##.............#
.....#.#.#...##≈~P~≈##............'
.......#....##~~~.~≈~##...........#
....##......#≈~P.8.P~≈#...........#
....##.#....#~~.....~~#...........#
.......#....8~.......~8...........#
#.####.#....'.P8.@.8..'...........#
............8~.......~8############
#.####.##...#≈~.....~≈#............
..)....##...#≈~P.8.P~≈#.###########
#.#######...##~~~.~~~##.#
.......##....##≈≈P~~##..#
#.#...........##≈≈≈##...# #####
#....#.##.#....#####....# #...#
#......##.#.#### ####.# ##...##


There were no monsters in sight!

Vanquished Creatures
  Dissolution (Slime:2)
  2 dread liches
  An orb of fire (Zot:5)
  Mara (Shoals:3)
  A juggernaut (Depths:2)
  Parghit (Depths:3)
  A shard shrike (Slime:5)
  The ghost of Xehiysch the Sensei, a veteran OpSu of Jiyva (Crypt:2)
  Margery (Vaults:4)
  Xtahua (Vaults:5)
  8 golden dragons
  Jory (Crypt:3)
  A bone dragon (Vaults:3)
  A tentacled monstrosity (Depths:3)
  Jorgrun (D:13)
  5 liches
  6 titans
  A deep elf master archer (Elf:3)
  3 Orb Guardians
  2 deep elf blademasters (Elf:3)
  2 quicksilver dragons
  3 ancient champions (Crypt:2)
  10 sphinxes
  2 krakens (Shoals:4)
  Kirke (Spider:3)
  13 acid blobs
  8 shadow dragons
  Agnes (D:15)
  Frances (Shoals:2)
  8 tengu reavers
  3 revenants
  10 storm dragons
  5 azure jellies
  10 rockslimes
  8 fire giants
  4 iron dragons
  16 vault wardens
  8 frost giants
  3 deep elf sorcerers
  An emperor scorpion (Spider:1)
  10 ghouls
  Aizul (Vaults:4)
  2 draconian scorchers
  13 ghost moths
  3 curse skulls
  14 stone giants
  8 quicksilver oozes
  6 orc warlords
  9 war gargoyles
  The ghost of Tivuunur the Warrior, a journeyman MiFi of Gozag (D:14)
  A spriggan defender (Depths:3)
  4 ironbound thunderhulks
  2 formless jellyfish (Vaults:3)
  2 draconian annihilators
  6 broodmothers
  18 ironbound preservers
  15 very ugly things
  3 black draconians (Depths:4)
  8 vampire knights
  8 dire elephants
  A green draconian (Zot:1)
  6 deep elf demonologists (Elf:3)
  Azrael (Spider:3)
  An eleionoma (shapeshifter) (Vaults:5)
  A minotaur (Shoals:4)
  7 spark wasps
  6 deep elf annihilators (Elf:3)
  3 purple draconians
  2 yellow draconians
  11 deep elf death magi
  A crystal guardian (Vaults:4)
  3 eidola
  3 red draconians (Depths:4)
  A green death (Depths:1)
  9 ettins
  10 fire dragons
  Josephine (Spider:1)
  5 jiangshi (Crypt:1)
  10 yaktaur captains
  A spectral quicksilver dragon (Crypt:2)
  5 deep elf high priests
  4 merfolk impalers
  4 ice dragons
  15 great orbs of eyes
  3 rakshasas
  31 vault guards
  5 ironbound frosthearts
  4 entropy weavers
  10 hydras
  A juggernaut simulacrum (Crypt:2)
  A peacekeeper (Vaults:4)
  4 jorogumos
  A spriggan air mage (Depths:3)
  An ice dragon (shapeshifter) (Vaults:5)
  4 ogre magi
  A two-headed ogre (shapeshifter) (Depths:4)
  4 catoblepae
  2 death knights (Crypt:2)
  A radroach (shapeshifter) (Depths:3)
  6 satyrs (Shoals:4)
  4 radroaches
  2 merfolk avatars (Shoals:4)
  A centaur warrior (D:13)
  3 merfolk aquamancers
  A fenstrider witch skeleton (Crypt:2)
  14 boulder beetles
  2 spriggan skeletons (Crypt:3)
  6 deep troll shamans
  13 dancing weapons
  7 two-headed ogres
  3 death yaks (Lair:5)
  12 deep troll earth magi
  A spectral dire elephant (Crypt:2)
  3 spriggan berserkers
  8 vampire magi
  5 orc high priests
  4 tengu warriors
  12 demonic crawlers
  A spectral orc (Crypt:2)
  8 deep elf knights
  2 sun demons
  28 hell knights
  A titan zombie (Vaults:5)
  A shadow wraith (Crypt:3)
  19 skeletal warriors
  4 skysharks
  14 flayed ghosts
  2 sixfirhies (Depths:1)
  4 pharaoh ants
  4 iron trolls
  A bog body (Crypt:1)
  A spriggan druid (Elf:2)
  8 sea snakes
  8 glowing orange brains
  56 deep trolls
  An orb spider (shapeshifter) (Depths:3)
  7 orb spiders
  A bunyip skeleton (Crypt:3)
  An anaconda skeleton (Crypt:3)
  3 spriggan simulacra (Crypt:2)
  9 deep elf archers
  6 steelbarb worms
  4 wizards
  10 lindwurms
  A sphinx zombie (Vaults:3)
  12 necromancers
  14 deep elf zephyrmancers
  22 ironbound convokers
  22 phantasmal warriors
  6 orc knights
  28 deep elf pyromancers
  13 harpies
  A wolf spider zombie (Crypt:1)
  24 ugly things
  A fenstrider witch simulacrum (Crypt:2)
  A human zombie (Vaults:3)
  19 wolf spiders
  A steelbarb worm (shapeshifter) (Depths:4)
  A stone giant zombie (Vaults:5)
  15 fauns
  A sphinx skeleton (Vaults:3)
  8 orc sorcerers
  An iron dragon zombie (Vaults:5)
  10 cyclopes
  A moth of wrath (shapeshifter) (Depths:4)
  17 manticores
  2 shining eyes (shapeshifter)
  2 rust devils
  A spectral alligator snapping turtle (Crypt:2)
  An eleionoma skeleton (Crypt:1)
  11 merfolk sirens
  A formless jellyfish zombie (Crypt:1)
  5 shining eyes
  8 moths of wrath
  7 eyes of devastation
  11 black mambas
  7 gargoyles
  A titan simulacrum (Crypt:2)
  An elephant (shapeshifter) (Vaults:5)
  17 elephants
  2 ice statues (IceCv)
  12 vault sentinels
  9 water nymphs
  19 cane toads
  2 smoke demons (Crypt:3)
  A centaur skeleton (Crypt:1)
  5 torpor snails
  An unseen horror (D:11)
  An alligator snapping turtle skeleton (Crypt:2)
  26 yaktaurs
  A sea snake zombie (Crypt:2)
  3 rime drakes
  5 tengu conjurers
  5 freezing wraiths
  6 komodo dragons
  A harpy zombie (Crypt:1)
  2 ice devils (Depths:1)
  3 guardian mummies (Crypt:3)
  A white draconian skeleton (Crypt:1)
  7 trolls
  2 trolls (shapeshifter)
  5 red devils
  9 wind drakes
  A yaktaur skeleton (Vaults:5)
  2 human skeletons (Vaults:3)
  7 meliai
  A queen bee (Lair:4)
  A polar bear (shapeshifter) (Vaults:5)
  A queen bee (shapeshifter) (Vaults:5)
  38 merfolk
  5 hornets
  5 polar bears
  9 snapping turtles
  24 tarantellas
  3 hydra skeletons
  11 blink frogs (Lair:4)
  8 dream sheep
  A jumping spider (shapeshifter) (D:13)
  A human simulacrum (Vaults:3)
  5 shadows
  2 centaur simulacra (Crypt:2)
  21 culicivoras
  A slime creature (shapeshifter) (Vaults:5)
  87 slime creatures
  Sigmund (D:4)
  12 spriggans (Lair:5)
  5 air elementals (Elf:2)
  21 jumping spiders
  45 yaks
  A ynoxinul (D:4)
  4 fire bats (Depths:3)
  A yak (shapeshifter) (Depths:3)
  A fire dragon skeleton (Crypt:3)
  A human (D:14)
  14 wraiths
  An ushabti (Crypt:3)
  An alligator snapping turtle simulacrum (Crypt:1)
  A hog (Spider:3)
  2 vampires
  A culicivora (shapeshifter) (Elf:1)
  A basilisk (shapeshifter) (Vaults:5)
  19 vampire mosquitoes
  23 water elementals
  4 wyverns
  6 basilisks
  An elf skeleton (Vaults:3)
  13 golden eyes
  53 redbacks
  5 fire elementals
  A harpy simulacrum (Crypt:2)
  A chaos spawn (Depths:1)
  A steam dragon (D:7)
  Grum (D:11)
  A demonspawn zombie (Crypt:1)
  A glowing shapeshifter zombie (Vaults:3)
  4 wargs
  An acid dragon (D:9)
  A hell hound (Spider:3)
  24 water moccasins
  A demonspawn skeleton (Crypt:2)
  Duvessa (D:5)
  A fire bat skeleton (Crypt:1)
  A floating eye (Slime:2)
  A floating eye (shapeshifter) (Vaults:5)
  An ice beast (D:7)
  44 orc warriors
  8 ogres
  5 boggarts (Lair:5)
  10 black bears
  An ettin simulacrum (Vaults:5)
  21 wolves
  5 centaurs
  13 bullfrogs
  A kobold brigand (D:12)
  3 necrophages
  A scorpion (D:5)
  A cane toad simulacrum (Lair:2)
  A naga simulacrum (Crypt:2)
  19 wights
  A queen bee zombie (Crypt:1)
  Dowan (D:5)
  A warg zombie (Crypt:2)
  An elephant simulacrum (Lair:2)
  57 killer bees
  8 vampire bats
  3 howler monkeys (D:13)
  3 wolf zombies (Bailey)
  6 electric eels
  A crimson imp (Spider:3)
  A hound (D:7)
  6 centaur zombies
  28 orc priests
  11 jellies
  Crazy Yiuf (D:2)
  A black bear skeleton (Crypt:1)
  A gnoll bouda (D:7)
  Jessica (D:2)
  An iguana (D:5)
  Ijyb (D:5)
  Natasha (thrice) (D:1)
  35 orc wizards
  4 hell rats (Lair:2)
  2 wolf simulacra (IceCv)
  A deep dwarf skeleton (Crypt:1)
  A hound skeleton (Crypt:2)
  13 mummies
  Robin (D:1)
  5 gnolls (D:7)
  10 adders
  20 orc zombies (Bailey)
  A river rat (Lair:4)
  2 shadow imps (D:6)
  An ufetubus (D:6)
  An iguana skeleton (Crypt:2)
  2 worms
  116 orcs
  21 endoplasms
  3 giant cockroaches
  11 goblins
  11 hobgoblins
  7 jackals (D:4)
  3 quokkas
  2 ball pythons (D:2)
  A ball python zombie (Crypt:2)
  11 bats
  A frilled lizard (D:1)
  2 hobgoblin zombies (Ossuary)
  4 kobolds (D:2)
  7 rats
  A butterfly (Spider:1)
  A fire vortex (Lair:2)
  6 tentacles (Shoals:4)
2298 creatures vanquished.

Vanquished Creatures (collateral kills)
  2 orbs of fire (Zot:5)
  3 Killer Klowns (Zot:5)
  Nikola (Spider:1)
  2 electric golems (Zot:5)
  A tentacled monstrosity (Zot:5)
  13 Orb Guardians (Zot:5)
  A deep elf master archer (Elf:3)
  A quicksilver dragon (Zot:3)
  A death cob (Zot:4)
  2 storm dragons
  A shadow dragon (Zot:3)
  An emperor scorpion (Spider:4)
  An ironbound preserver (Vaults:2)
  2 yellow draconians
  2 white draconians (Zot:2)
  2 red draconians
  A rakshasa (Zot:5)
  A hydra (Lair:5)
  An ogre mage (Vaults:5)
  A death yak (Lair:5)
  A deep troll earth mage (Depths:2)
  A hell knight (Depths:2)
  A deep troll (Vaults:2)
  A sea snake (Shoals:4)
  A shadow demon (Zot:4)
  An orb spider (Spider:4)
  An ironbound convoker (Vaults:2)
  A harpy (Shoals:4)
  3 wolf spiders
  4 moths of wrath
  A manticore (Shoals:4)
  A cane toad (Lair:5)
  A redback (Spider:1)
  An orc priest (Orc:2)
  An orc wizard (Orc:2)
  An orc (Orc:2)
61 creatures vanquished.

Vanquished Creatures (others)
  2 dread liches (Zot:5)
  2 orbs of fire (Zot:5)
  An ancient lich (Zot:5)
  A Killer Klown (Zot:5)
  A curse toe (Zot:5)
  A tentacled monstrosity (Zot:5)
  10 Orb Guardians (Zot:5)
  2 draconian knights
  A fire giant (Depths:3)
  2 draconian scorchers (Zot:5)
  A draconian shifter (Zot:5)
  A draconian annihilator (Zot:3)
  A red draconian (Zot:4)
  2 white draconians
  3 yellow draconians
  A pharaoh ant (Spider:3)
  2 moths of wrath (Zot:5)
  A culicivora (Spider:3)
  A wraith (Spider:1)
  2 humans (Spider:3)
  An orc wizard (D:10)
  7 tentacles (Shoals:4)
46 creatures vanquished.

Grand Total: 2405 creatures vanquished

Notes
Turn   | Place    | Note
-------+----------+-------------------------------------------
     0 | D:1      | Sergey the Demonspawn Transmuter began the quest for the
                  | Orb.
     0 | D:1      | Reached XP level 1. HP: 15/15 MP: 3/3
   567 | D:1      | Reached skill level 1 in Stealth
   886 | D:1      | You fall into a shaft and drop 1 floor!
   917 | D:2      | Gained mutation: You regenerate a little health from kills.
                  | [demonic ancestry]
   917 | D:2      | Reached XP level 2. HP: 15/21 MP: 3/5
   948 | D:2      | Learned a level 2 spell: Wereblood
   951 | D:2      | Learned a level 2 spell: Passwall
  1145 | D:2      | Found an opulent altar of Gozag.
  1156 | D:2      | Became a worshipper of Gozag Ym Sagoz the Greedy
  1241 | D:2      | Noticed Jessica
  1250 | D:2      | Killed Jessica
  1251 | D:2      | Reached XP level 3. HP: 28/28 MP: 6/6
  2150 | D:2      | Noticed Natasha
  3564 | D:2      | Found a runed translucent door.
  3565 | D:2      | Noticed Crazy Yiuf
  3752 | D:2      | Noticed Robin
  4232 | D:1      | Killed Robin
  4233 | D:1      | Reached skill level 1 in Armour
  4233 | D:1      | Gained mutation: You are partially covered in razor-sharp
                  | scales. (AC +1, Slay +1) [demonic ancestry]
  4233 | D:1      | Reached XP level 4. HP: 34/35 MP: 7/7
  4748 | D:2      | Found an opulent altar of Gozag.
  6433 | D:3      | Reached skill level 1 in Evocations
  6741 | D:4      | Noticed a black bear
  6935 | D:4      | Found a sand-covered staircase.
  6952 | D:4      | Found a staircase to the Ecumenical Temple.
  6991 | Ossuary  | Entered an ossuary
  7002 | Ossuary  | Reached skill level 2 in Evocations
  7002 | Ossuary  | Gained mutation: You regenerate health from kills. [demonic
                  | ancestry]
  7002 | Ossuary  | Reached XP level 5. HP: 36/41 MP: 8/8
  7004 | Ossuary  | Reached skill level 3 in Evocations
  7038 | Ossuary  | Gained mutation: Your touch may inflict minor irresistible
                  | damage on your foes. [demonic ancestry]
  7038 | Ossuary  | Reached XP level 6. HP: 30/48 MP: 9/9
  7290 | D:4      | Reached skill level 4 in Evocations
  7454 | D:4      | Noticed Sigmund
  7466 | D:4      | Found a stormy altar of Qazlal.
  7693 | D:1      | Killed Natasha
  7694 | D:1      | Reached skill level 1 in Throwing
  8082 | D:1      | Noticed Natasha
  8106 | D:1      | Killed Natasha
  8264 | D:1      | Noticed Natasha
  8277 | D:1      | Killed Natasha
  8727 | D:5      | Entered Level 5 of the Dungeon
  8754 | D:5      | Found an opulent altar of Gozag.
  8835 | D:5      | Noticed Ijyb
  8843 | D:5      | Killed Ijyb
  8933 | D:5      | Reached XP level 7. HP: 43/55 MP: 10/10
  9149 | D:5      | Noticed Dowan
  9222 | D:4      | Reached skill level 5 in Fighting
  9662 | D:5      | Noticed Duvessa
  9710 | D:5      | Killed Duvessa
  9712 | D:5      | Killed Dowan
 10036 | D:5      | Reached XP level 8. HP: 40/63 MP: 11/11
 10201 | D:5      | Reached skill level 5 in Armour
 10318 | D:5      | Reached skill level 1 in Polearms
 10937 | D:5      | Found an opulent altar of Gozag.
 11312 | D:6      | Identified the +1 helmet "Itunidai" {rCorr}
 11400 | D:6      | Noticed a slime creature
 11700 | D:6      | Found Wikhas's Magic Scroll Emporium.
 11706 | D:6      | Bought a scroll of teleportation for 30 gold pieces
 11706 | D:6      | Bought a scroll of revelation for 75 gold pieces
 11706 | D:6      | Bought a scroll of poison for 40 gold pieces
 11706 | D:6      | Bought a scroll of blinking for 75 gold pieces
 11706 | D:6      | Bought a scroll of enchant armour for 75 gold pieces
 11707 | D:6      | Bought a scroll of identify for 20 gold pieces
 11707 | D:6      | Bought a scroll of identify for 20 gold pieces
 11707 | D:6      | Bought 3 scrolls of identify for 60 gold pieces
 12132 | D:7      | Gained mutation: Your demonic aura sometimes causes spilled
                  | blood to erupt in flames. [demonic ancestry]
 12132 | D:7      | Reached XP level 9. HP: 64/71 MP: 12/12
 12140 | D:7      | Found a flagged portal.
 12223 | Bailey   | Entered a bailey
 12246 | Bailey   | Reached skill level 5 in Polearms
 12470 | Bailey   | Noticed a gargoyle
 12477 | Bailey   | Killed a gargoyle
 12827 | Bailey   | Identified the +0 pair of boots of the Slug {Will- Regen+
                  | rCorr}
 12967 | D:7      | Found a bloodstained altar of Trog.
 14424 | D:8      | Reached XP level 10. HP: 78/83 MP: 13/13
 14589 | D:9      | Found a runed translucent gate.
 14589 | D:9      | Found a runed translucent gate.
 14589 | D:9      | Found a runed translucent gate.
 14637 | D:9      | Noticed Yorgos's ghost (journeyman OgFE)
 15171 | D:4      | Killed Sigmund
 15762 | D:9      | Reached skill level 5 in Evocations
 15859 | D:9      | Found a radiant altar of Vehumet.
 15863 | D:9      | Found a hide-covered altar of Uskayaw.
 15864 | D:9      | Found a broken altar of Ashenzari.
 15880 | D:9      | Reached skill level 10 in Fighting
 16077 | D:9      | Reached skill level 6 in Evocations
 16518 | D:10     | Entered Level 10 of the Dungeon
 17044 | D:10     | Noticed a two-headed ogre
 17057 | D:10     | Killed a two-headed ogre
 17172 | D:10     | Noticed a cyclops
 17213 | D:10     | Killed a cyclops
 17214 | D:10     | Reached skill level 7 in Evocations
 17457 | D:10     | Found a staircase to the Lair.
 17478 | D:10     | Gained mutation: Your touch may inflict irresistible damage
                  | on your foes. [demonic ancestry]
 17478 | D:10     | Reached XP level 11. HP: 68/93 MP: 14/14
 17564 | D:10     | Reached skill level 8 in Evocations
 17796 | D:10     | Found a staircase to the Orcish Mines.
 17923 | D:10     | Reached skill level 9 in Evocations
 17982 | D:10     | Identified the +8 plate armour of Noughts and Crosses
                  | {rPois}
 18551 | D:11     | Reached skill level 10 in Evocations
 18761 | D:11     | Noticed Grum
 18782 | D:11     | Killed Grum
 18836 | D:11     | Noticed a boulder beetle
 18849 | D:11     | Killed a boulder beetle
 19083 | D:11     | Noticed a two-headed ogre
 19087 | D:11     | Killed a two-headed ogre
 19159 | Lair:1   | Entered Level 1 of the Lair of Beasts
 19481 | Lair:1   | Reached XP level 12. HP: 74/102 MP: 15/15
 20157 | Lair:1   | Found the +8 whip "Snakebite" {venom, curare, rPois}
 20289 | Lair:1   | Reached skill level 1 in Maces & Flails
 20827 | Lair:2   | Found a hole to the Spider Nest.
 20928 | Lair:2   | Found a frozen archway.
 20956 | Lair:2   | Reached skill level 10 in Armour
 20961 | Lair:2   | Reached skill level 5 in Throwing
 21037 | IceCv    | Entered an ice cave
 21055 | IceCv    | Found a transporter.
 21065 | IceCv    | Found a transporter.
 21086 | IceCv    | Reached skill level 5 in Maces & Flails
 21429 | Lair:2   | Gained mutation: You are mostly covered in razor-sharp
                  | scales. (AC +2, Slay +2) [demonic ancestry]
 21429 | Lair:2   | Reached XP level 13. HP: 83/108 MP: 16/16
 22276 | Lair:3   | Noticed a fire dragon
 22293 | Lair:3   | Killed a fire dragon
 22614 | Lair:3   | Found a staircase to the Shoals.
 23146 | D:10     | Bought the +3 pair of seven-league boots {Rampage+∞} for
                  | 960 gold pieces
 23146 | D:10     | Found the +3 pair of seven-league boots {Rampage+∞}
 23157 | D:10     | Bought a pair of runed gloves for 180 gold pieces
 23157 | D:10     | Bought a pair of runed gloves for 180 gold pieces
 24108 | Lair:5   | Entered Level 5 of the Lair of Beasts
 24248 | Lair:5   | Reached XP level 14. HP: 119/119 MP: 17/17
 24270 | Lair:5   | Found a viscous altar of Jiyva.
 24273 | Lair:5   | Found a staircase to the Slime Pits.
 24335 | Lair:5   | Reached skill level 11 in Evocations
 24690 | Lair:5   | Reached skill level 12 in Evocations
 25397 | Lair:5   | Reached skill level 10 in Maces & Flails
 25809 | D:10     | Bought a steaming bardiche for 574 gold pieces
 25809 | D:10     | Identified the +8 bardiche of Grace {heavy, rC+ rCorr} (You
                  | bought it in a shop on level 10 of the Dungeon)
 26209 | D:12     | Identified the +7 flail "Ogreslayer" {flame, Int+5}
 26386 | D:12     | Identified the +1 chain mail of Geohaicw {+Inv rN+ Int+3}
 26897 | Orc:1    | Entered Level 1 of the Orcish Mines
 27124 | Orc:2    | Entered Level 2 of the Orcish Mines
 27169 | Orc:2    | Gained mutation: You punish those that try to bend your
                  | will. (Will+) [demonic ancestry]
 27169 | Orc:2    | Reached XP level 15. HP: 127/127 MP: 18/18
 27337 | Orc:2    | Found a staircase to the Elven Halls.
 27621 | Orc:2    | Reached skill level 5 in Dodging
 27820 | Orc:2    | Found Ujuefuco's Antique Armour Emporium.
 27821 | Orc:2    | Found Obout's Antique Weapon Emporium.
 27822 | Orc:2    | Found Ceaturoc's General Store.
 27822 | Orc:2    | Found Paivemo's Book Shoppe.
 27847 | Orc:2    | Bought a scroll of acquirement for 780 gold pieces
 28133 | Orc:2    | Bought a scroll of fear for 60 gold pieces
 28133 | Orc:2    | Bought a scroll of teleportation for 45 gold pieces
 28133 | Orc:2    | Bought a potion of resistance for 150 gold pieces
 28326 | Orc:1    | Found a runed translucent door.
 28445 | Orc:1    | Found Poseosm's Magic Scroll Shoppe.
 28477 | Orc:1    | Reached skill level 15 in Fighting
 28501 | Orc:1    | Bought a scroll of revelation for 90 gold pieces
 28501 | Orc:1    | Bought a scroll of teleportation for 36 gold pieces
 28501 | Orc:1    | Bought a scroll of silence for 114 gold pieces
 28501 | Orc:1    | Acquired the ring of Oguon {rF++ Will+ Slay+2}
 28950 | D:2      | Killed Crazy Yiuf
 29318 | D:13     | Noticed Jorgrun
 29367 | D:13     | Killed Jorgrun
 29962 | D:14     | Found a runed translucent gate.
 29962 | D:14     | Found a runed translucent gate.
 29962 | D:14     | Found a runed translucent gate.
 30071 | D:14     | Noticed Tivuunur's ghost (journeyman MiFi)
 30754 | D:14     | Killed Tivuunur's ghost
 30959 | D:14     | Identified the +11 war axe of Grontol {freeze, rC++ Dex+2}
 31212 | D:14     | Reached skill level 1 in Axes
 31239 | D:14     | Found a gate to the Vaults.
 31492 | D:15     | Entered Level 15 of the Dungeon
 31509 | D:15     | Noticed Agnes
 31521 | D:15     | Killed Agnes
 31522 | D:15     | Reached skill level 13 in Evocations
 31604 | D:15     | Noticed Roxanne
 31625 | D:15     | Found a stormy altar of Qazlal.
 31797 | D:15     | Reached XP level 16. HP: 132/136 MP: 19/19
 32157 | D:15     | Found a staircase to the Depths.
 32508 | Spider:1 | Entered Level 1 of the Spider Nest
 32732 | Spider:1 | Noticed Josephine
 32735 | Spider:1 | Noticed Nikola
 32739 | Spider:1 | Killed Josephine
 32740 | Spider:1 | Reached skill level 5 in Axes
 32745 | Spider:1 | Killed Nikola
 32791 | Spider:1 | Reached skill level 14 in Evocations
 35426 | Spider:3 | Noticed Kirke
 35436 | Spider:3 | Killed Kirke
 35437 | Spider:3 | Reached skill level 10 in Axes
 35506 | Spider:3 | Noticed Azrael
 35521 | Spider:3 | Killed Azrael
 35754 | Spider:3 | Noticed Arachne
 35774 | Spider:3 | Gained mutation: You are completely covered in razor-sharp
                  | scales. (AC +3, Slay +3) [demonic ancestry]
 35774 | Spider:3 | Reached XP level 17. HP: 71/142 MP: 20/20
 36576 | Spider:4 | Entered Level 4 of the Spider Nest
 37143 | Spider:4 | Reached skill level 15 in Evocations
 37222 | Spider:4 | Got a gossamer rune of Zot
 37724 | Spider:4 | Identified the +10 great sword of Painted Offence {venom,
                  | rElec Will- Dex+2}
 37762 | Spider:4 | Reached skill level 16 in Evocations
 38062 | Shoals:1 | Entered Level 1 of the Shoals
 38237 | Shoals:1 | Identified the +2 robe of the Sun {rN+ Slay+2}
 39139 | Shoals:2 | Gained mutation: Your demonic aura often causes spilled
                  | blood to erupt in flames. [demonic ancestry]
 39139 | Shoals:2 | Reached XP level 18. HP: 151/151 MP: 21/21
 39149 | Shoals:2 | Identified the +1 leather armour "Ogim" {rC+}
 39158 | Shoals:2 | Noticed Frances
 39167 | Shoals:2 | Killed Frances
 39593 | Shoals:3 | Noticed Mara
 39622 | Shoals:3 | Killed Mara
 40312 | Shoals:4 | Entered Level 4 of the Shoals
 40872 | Shoals:4 | Got a barnacled rune of Zot
 40993 | Shoals:4 | Identified the staff "Valip" {rElec rPois Air}
 41257 | D:10     | Bought the +5 Storm Queen's Shield {shock, Fly rElec} for
                  | 1368 gold pieces
 41257 | D:10     | Found the +5 Storm Queen's Shield {shock, Fly rElec}
 41384 | Vaults:1 | Entered Level 1 of the Vaults
 41525 | Vaults:1 | Reached skill level 1 in Shields
 42037 | Vaults:1 | Gained mutation: Your touch may irresistibly damage your
                  | foes and sap their willpower. [demonic ancestry]
 42037 | Vaults:1 | Reached XP level 19. HP: 157/157 MP: 22/22
 42663 | Vaults:2 | Noticed a golden dragon
 42673 | Vaults:2 | Killed a golden dragon
 42675 | Vaults:2 | Reached skill level 5 in Shields
 44050 | Vaults:3 | Reached skill level 17 in Evocations
 44281 | Vaults:3 | Noticed a bone dragon
 44283 | Vaults:3 | Found a staircase to the Crypt.
 44308 | Vaults:3 | Killed a bone dragon
 44355 | Vaults:3 | Paralysed by a formless jellyfish for 1 turns
 44645 | Vaults:3 | Reached XP level 20. HP: 168/168 MP: 23/23
 44749 | Vaults:3 | Found a transporter.
 44749 | Vaults:3 | Found Huoxi's General Store.
 44769 | Vaults:3 | Found a transporter.
 45028 | Vaults:3 | Bought a wand of paralysis (7) for 184 gold pieces
 45233 | Vaults:4 | Reached skill level 10 in Shields
 45541 | Vaults:4 | Found a huge runed gate.
 45542 | Vaults:4 | Found a huge runed gate.
 45542 | Vaults:4 | Found a huge runed gate.
 45542 | Vaults:4 | Found a huge runed gate.
 45543 | Vaults:4 | Found a huge runed gate.
 45543 | Vaults:4 | Found a huge runed gate.
 45543 | Vaults:4 | Found a huge runed gate.
 45543 | Vaults:4 | Found a huge runed gate.
 45543 | Vaults:4 | Found a huge runed gate.
 45543 | Vaults:4 | Found a huge runed gate.
 45547 | Vaults:4 | Found a huge runed gate.
 45547 | Vaults:4 | Found a huge runed gate.
 45547 | Vaults:4 | Found a huge runed gate.
 45547 | Vaults:4 | Found a huge runed gate.
 45547 | Vaults:4 | Found a huge runed gate.
 45547 | Vaults:4 | Found a huge runed gate.
 45548 | Vaults:4 | Found a huge runed gate.
 45549 | Vaults:4 | Found a huge runed gate.
 45550 | Vaults:4 | Found a huge runed gate.
 45559 | Vaults:4 | Found a huge runed gate.
 45559 | Vaults:4 | Found a huge runed gate.
 45559 | Vaults:4 | Found a huge runed gate.
 45559 | Vaults:4 | Found a huge runed gate.
 45559 | Vaults:4 | Found a huge runed gate.
 45559 | Vaults:4 | Found a huge runed gate.
 45560 | Vaults:4 | Found a huge runed gate.
 45561 | Vaults:4 | Found a huge runed gate.
 45562 | Vaults:4 | Found a huge runed gate.
 45572 | Vaults:4 | Found a huge runed gate.
 45572 | Vaults:4 | Found a huge runed gate.
 45572 | Vaults:4 | Found a huge runed gate.
 45572 | Vaults:4 | Found a huge runed gate.
 45572 | Vaults:4 | Found a huge runed gate.
 45572 | Vaults:4 | Found a huge runed gate.
 45573 | Vaults:4 | Found a huge runed gate.
 45574 | Vaults:4 | Found a huge runed gate.
 45595 | Vaults:4 | Found a portal to a secret trove of treasure.
 46457 | Vaults:4 | Noticed Aizul
 46467 | Vaults:4 | Killed Aizul
 46712 | Vaults:4 | Noticed Margery
 46727 | Vaults:4 | Killed Margery
 47180 | Elf:1    | Entered Level 1 of the Elven Halls
 47312 | Elf:1    | Found Maqiaz's Antique Armour Boutique.
 47486 | Elf:1    | Got Sif Muna's Octavo of Frost and Shaping
 47970 | Elf:2    | Reached skill level 18 in Evocations
 48215 | Elf:2    | Paralysed by an air elemental for 1 turns
 48434 | Elf:2    | Found a runed translucent gate.
 48440 | Elf:2    | Found a runed translucent gate.
 48440 | Elf:2    | Found a runed translucent gate.
 48551 | Elf:2    | Paralysed by an air elemental for 1 turns
 48663 | Elf:3    | Entered Level 3 of the Elven Halls
 48669 | Elf:3    | Identified the +1 rapier of the Shouting Gods {protect,
                  | rPois Int+4 Stlth-}
 48719 | Elf:3    | Gained mutation: You are resistant to unholy torment.
                  | [demonic ancestry]
 48719 | Elf:3    | Reached XP level 21. HP: 174/177 MP: 24/24
 48895 | Elf:3    | Identified the staff "Jellybane" {Str+5 Int-5 Dex+2 Earth}
 48915 | Elf:3    | Identified the amulet of Lady Luck {rElec Regen+}
 48966 | Elf:3    | Got the Commentary on Frigid Attendants
 48970 | Elf:3    | Identified the ring of Balance {rN+ Slay+3 SInv}
 48975 | Elf:3    | Identified the +0 dagger of Xom's Vengeance {vamp, Str+4}
 49085 | Elf:3    | Found Gari's Antique Weapon Emporium.
 49090 | Elf:3    | Found Taganete's Antique Weapon Emporium.
 49090 | Elf:3    | Found Otadekh's Magic Scroll Shoppe.
 49099 | Elf:3    | Found Ruqel's Distillery.
 49105 | Elf:3    | Bought a potion of curing for 42 gold pieces
 49105 | Elf:3    | Bought a potion of haste for 140 gold pieces
 49105 | Elf:3    | Bought a potion of attraction for 42 gold pieces
 49105 | Elf:3    | Bought a potion of might for 56 gold pieces
 49105 | Elf:3    | Bought 2 potions of mutation for 224 gold pieces
 49105 | Elf:3    | Bought a potion of heal wounds for 70 gold pieces
 49105 | Elf:3    | Bought 2 potions of mutation for 224 gold pieces
 49137 | Elf:3    | Bought a scroll of fog for 68 gold pieces
 49235 | Elf:3    | Found Cetuymon's Jewellery Boutique.
 49748 | Depths:1 | Entered Level 1 of the Depths
 49924 | Depths:1 | Found a one-way gate leading to the halls of Pandemonium.
 50066 | Depths:1 | Reached skill level 15 in Shields
 50264 | Depths:1 | Found an ornate altar of the Wu Jian Council.
 50282 | Depths:1 | Found a gateway to Hell.
 50413 | Depths:1 | Found Cean's Antique Armour Emporium.
 50649 | Depths:1 | Identified the +6 halberd of Execution {protect, Drain
                  | rElec rPois Will+}
 50778 | Depths:2 | Reached skill level 15 in Axes
 50901 | Depths:2 | Found a one-way gateway to a ziggurat.
 51205 | Depths:2 | Identified the +9 long sword "Qilamoxt" {flame, rC++}
 51218 | Depths:2 | Noticed a juggernaut
 51232 | Depths:2 | Killed a juggernaut
 51274 | Depths:2 | Found the +5 glaive of the Guard {elec, spectral, AC+5}
 51949 | Depths:3 | Gained mutation: You can hurl damnation. [demonic ancestry]
 51949 | Depths:3 | Reached XP level 22. HP: 175/188 MP: 25/25
 52089 | Depths:3 | Noticed Parghit
 52348 | Depths:3 | Found a one-way gate to the infinite horrors of the Abyss.
 52465 | Depths:3 | Noticed a golden dragon
 52474 | Depths:3 | Killed a golden dragon
 52873 | Depths:4 | Entered Level 4 of the Depths
 52980 | Depths:4 | Noticed a golden dragon
 52991 | Depths:4 | Killed a golden dragon
 53281 | Depths:4 | Found a gate to the Realm of Zot.
 53540 | Depths:4 | Found Zeith's Fire Supplies.
 54024 | Vaults:5 | Entered Level 5 of the Vaults
 54037 | Vaults:5 | Reached skill level 19 in Evocations
 54079 | Vaults:5 | Reached skill level 20 in Evocations
 54216 | Vaults:5 | Reached XP level 23. HP: 128/197 MP: 26/26
 54556 | Vaults:5 | Noticed Xtahua
 54570 | Vaults:5 | Killed Xtahua
 54709 | Vaults:5 | Identified the +11 flail of Fortitude {distort, Str+3}
 54717 | Vaults:5 | Identified the +4 arbalest of Lumagh {freeze, rC+}
 54863 | Vaults:5 | Noticed a dread lich
 54875 | Vaults:5 | Killed a dread lich
 55034 | Vaults:5 | Reached skill level 21 in Evocations
 55139 | Vaults:5 | Identified the +5 chain mail of Peucaxt {Rampage rElec
                  | Regen+}
 55202 | Vaults:5 | Got a silver rune of Zot
 55740 | Vaults:5 | Identified the +10 storm dragon scales of Gestures {rElec
                  | rC+ Stlth+}
 55755 | Vaults:5 | Identified the +5 dagger of Hynum {elec, *Rage rElec rC+++
                  | rCorr}
 56112 | Slime:1  | Entered Level 1 of the Pits of Slime
 56141 | Slime:1  | Gained mutation: You sometimes lose your temper in combat.
                  | [a shining eye]
 56145 | Slime:1  | Lost mutation: You sometimes lose your temper in combat.
                  | [potion of mutation]
 56145 | Slime:1  | Gained mutation: Your muscles are strong. (Str +4, Int/Dex
                  | -1) [potion of mutation]
 56299 | Slime:2  | Noticed Dissolution
 56310 | Slime:2  | Killed Dissolution
 56420 | Slime:2  | Gained mutation: Armour fits poorly on your strangely
                  | shaped body. [a shining eye]
 56951 | Slime:3  | Paralysed by a floating eye for 3 turns
 56957 | Slime:2  | Paralysed by a floating eye for 3 turns
 57581 | Slime:5  | Entered Level 5 of the Pits of Slime
 57589 | Slime:5  | Reached skill level 22 in Evocations
 57601 | Slime:5  | Gained mutation: Your spells are a little easier to cast,
                  | but a little less powerful. [a shining eye]
 57770 | Slime:5  | Found a viscous altar of Jiyva.
 57771 | Slime:5  | Noticed the Royal Jelly
 57788 | Slime:5  | the Royal Jelly changed into a shard shrike shaped Royal
                  | Jelly
 57788 | Slime:5  | Noticed a shard shrike shaped Royal Jelly
 57799 | Slime:5  | Killed a shard shrike shaped Royal Jelly
 57822 | Slime:5  | Reached skill level 15 in Armour
 57826 | Slime:5  | Found the +2 cloak of the Thief {*Fog Slay-2 SInv Stlth+}
 57832 | Slime:5  | Identified the staff of Dividends {rPois Int+4 Dex-5 SInv
                  | Earth}
 57856 | Slime:5  | Identified the +1 helmet of Transparent Salvation {Rampage}
 57873 | Slime:5  | Gained mutation: You regenerate a lot of health from kills.
                  | [demonic ancestry]
 57873 | Slime:5  | Reached XP level 24. HP: 201/208 MP: 19/26
 57908 | Slime:5  | Got a slimy rune of Zot
 57909 | Slime:5  | Identified the staff of Nemelex Xobeh's Pride {rPois Will+
                  | Str+2 Poison}
 57912 | Slime:5  | Identified the +7 falchion "Vadgha Makhla" {heavy, rElec}
 57933 | Slime:5  | Got the Atlas of Conjuring and the Cumulonimbus
 57934 | Slime:5  | Identified the staff of the Red Skies {rF+ rN+ Will- Int+5
                  | Fire}
 57935 | Slime:5  | Identified the staff "Embalmer" {rN+ Int+2 Stlth+ Conj}
 57938 | Slime:5  | Identified the staff of Misery {rF+ Will+ Earth}
 57953 | Slime:5  | Acquired the +4 cloak "Tyigg" {Slay+3}
 57991 | Slime:5  | Identified the ring "Noucuis" {Wiz Will+ MP+9 Str+3}
 58027 | Slime:5  | Identified the +1 plate armour "Jasmagen" {*Corrode rC+
                  | rN+++ Str+3}
 58949 | Crypt:1  | Entered Level 1 of the Crypt
 59067 | Crypt:1  | Found a magical portal.
 59076 | WizLab   | Entered Tukima's Studio
 59344 | Crypt:1  | Found the +7 great mace "Undeadhunter" {deathbane, rN+}
 59403 | Crypt:1  | Reached skill level 23 in Evocations
 60171 | Crypt:2  | Found a runed translucent gate.
 60171 | Crypt:2  | Found a runed translucent gate.
 60171 | Crypt:2  | Found a runed translucent gate.
 60186 | Crypt:2  | Noticed Xehiysch's ghost (veteran OpSu)
 60310 | Crypt:2  | Gained mutation: You are frail. (-10% HP) [mutagenic glow]
 60318 | Crypt:2  | Killed Xehiysch's ghost
 60458 | Crypt:2  | Acquired a manual of Armour
 60713 | Crypt:3  | Entered Level 3 of the Crypt
 61077 | Crypt:3  | Found a staircase to the Tomb.
 61352 | Crypt:3  | Found the +9 sword of Zonguldrok {reap}
 61377 | Crypt:3  | Identified the ring of Ceskal {Wiz rPois rCorr}
 61775 | Crypt:3  | Found an ancient bone altar of Kikubaaqudgha.
 61820 | Crypt:3  | Noticed a dread lich
 61829 | Crypt:3  | Killed a dread lich
 61854 | Crypt:3  | Identified the ring "Acwuiv" {Str+2 Dex+6}
 62120 | Crypt:3  | Noticed Jory
 62138 | Crypt:3  | Killed Jory
 62647 | Zot:1    | Entered Level 1 of the Realm of Zot
 62891 | Zot:3    | Reached XP level 25. HP: 192/192 MP: 4/26
 63071 | Zot:5    | Entered Level 5 of the Realm of Zot
 63278 | Depths:2 | Found a one-way gateway to a ziggurat.
 64132 | Depths:3 | Killed Parghit
 64517 | Vaults:4 | You paid a toll of +7 gold dragon scales to enter a
                  | treasure trove
 64518 | Trove    | Entered a treasure trove
 64549 | Trove    | Identified the +3 plate armour "Byal" {rElec rN++ Slay+2}
 64554 | Trove    | Identified the +1 ring mail of Dawn {Int+5}
 64568 | Trove    | Reached XP level 26. HP: 199/199 MP: 26/26
 64575 | Trove    | Identified the amulet of Cilay {RegenMP rCorr}
 65122 | Zot:5    | Noticed an orb of fire
 65122 | Zot:5    | Noticed an ancient lich
 65122 | Zot:5    | Noticed a dread lich
 65125 | Zot:5    | Noticed an orb of fire
 65128 | Zot:5    | Killed an orb of fire
 65135 | Zot:5    | Noticed an orb of fire
 65140 | Zot:5    | Noticed an orb of fire
 65146 | Zot:5    | Noticed an orb of fire
 65156 | Zot:5    | Noticed an orb of fire
 65172 | Zot:5    | Killed a dread lich
 65172 | Zot:5    | Killed an orb of fire
 65200 | Zot:5    | Killed an orb of fire
 65475 | Zot:5    | Reached skill level 10 in Dodging
 65844 | Zot:5    | Got the Orb of Zot
 65956 | Zot:3    | Noticed Ohuch the pandemonium lord
 66059 | Depths:2 | Noticed Qerrequgh the pandemonium lord
 66189 | D:12     | Lost mutation: Your muscles are strong. (Str +4, Int/Dex
                  | -1) [potion of mutation]
 66189 | D:12     | Lost mutation: You are frail. (-10% HP) [potion of
                  | mutation]
 66189 | D:12     | Lost mutation: Your spells are a little easier to cast, but
                  | a little less powerful. [potion of mutation]
 66189 | D:12     | Gained mutation: You are dopey. (Int -2) [potion of
                  | mutation]
 66189 | D:12     | Gained mutation: You are robust. (+10% HP) [potion of
                  | mutation]
 66189 | D:12     | Gained mutation: Your flesh is cold resistant. (rC+)
                  | [potion of mutation]
 66355 | D:3      | Noticed Yteullum the pandemonium lord
 66389 | D:$      | Escaped with the Orb!

Illustrated notes

Levels and vault maps discovered:
D:1:      lightli_arrival_statuegarden, layout_basic, dreamdust_wishing_well,
          kennysheep_nondescript
D:2:      layout_basic, basic_altar, uniq_crazy_yiuf_cottage, uniq_natasha,
          uniq_jessica, uniq_robin
D:3:      layout_basic
D:4:      layout_loops_corners, lemuel_tele_altar, minmay_temple_entry_slanted,
          nicolae_ossuary_entry_false_entrances, minmay_close_crescents,
          uniq_sigmund
D:5:      layout_loops_ring, grunt_gozag_breadcrumbs, uniq_duvessa, uniq_ijyb
D:6:      lemuel_slime, layout_basic, serial_shops, shop
D:7:      layout_basic, mainiacjoe_overflow_catwalk, enter_bailey_6
D:8:      layout_cave_pods, kennysheep_generic_room_10
D:9:      layout_irregular_city, grunt_temple_overflow_open,
          gammafunk_ghost_icy, eino_jars
D:10:     layout_loops_corners, david_lair_generic, erik_orc_2, serial_glass,
          glass_columns_a, glass_columns_b, item_on_display_a,
          item_on_display_a, item_on_display_a, due_unseen_surprise
D:11:     layout_rooms, serial_curves, eino_curves_02, eino_curves_01,
          eino_curves_04, hangedman_decor_points, uniq_grum
D:12:     layout_basic, minmay_misc_feat_encased, blue_anna_alchemist
D:13:     layout_roguey, uniq_jorgrun
D:14:     layout_roguey, grunt_vaults_entry_fortified, good_gods_temple_1,
          gammafunk_ghost_hydra_chop
D:15:     gammafunk_enter_depths_forms, layout_basic,
          nicolae_qazlal_scattered_showers, uniq_agnes, uniq_roxanne
Lair:1:   minmay_guarded_unrand_snakebite, layout_regular_city,
          chequers_serial_rivers_micro_b, minivault_23, grunt_megastairs_1,
          serial_bayou_shore_b, lemuel_fruit_fields
Lair:2:   layout_gridlike, spider_nest_entry_a,
          portal_ice_cave_entry_ice_simulacra, lemuel_fruit_fields,
          infiniplex_staircase_pool_2
Lair:3:   dragon1_lemuel, layout_regular_city, elwin_shoals_entry_rocks,
          serial_bayou_pond_b
Lair:4:   hangedman_what_comes_after_a, layout_misc_corridors
Lair:5:   minmay_lair_end_enchanted_forest, layout_loops_ring,
          nicolae_slime_entry_slimehenge, basic_altar,
          hangedman_lair_generics_rect
Shoals:1: layout_shoals
Shoals:2: layout_shoals, uniq_frances
Shoals:3: layout_shoals, uniq_mara
Shoals:4: shoals_end_hellmonk_lost_city
Spider:1: layout_spider_delve, uniq_nikola, uniq_josephine
Spider:2: layout_spider_delve, nicolae_spider_not_touching_you
Spider:3: layout_spider_delve, nicolae_crawler_farm, uniq_arachne, uniq_azrael,
          uniq_kirke
Spider:4: grunt_spider_rune_parallel, special_room
Slime:1:  layout_caves, cheibrodos_slime_lost_civilization_5
Slime:2:  layout_caves, dissolution_awaits
Slime:3:  layout_caves, nicolae_slime_getting_an_eyeful
Slime:4:  layout_caves
Slime:5
Orc:1:    layout_caves, serial_shops, shop, roderic_batcave,
          lightli_church_of_beogh
Orc:2:    st_orc_congregation, layout_caves
Elf:1:    elf_arrival_001, layout_gridlike, serial_shops, shop,
          kennysheep_underground_church, lemuel_flamethrower_3
Elf:2:    nicolae_elf_blades_crystal_corner, layout_geoelf_grid,
          kilobyte_rumbling_trees
Elf:3:    elf_hall, layout_rooms, serial_shops, shop, minmay_fountain_box,
          minmay_shoptagon
Vaults:1: nicolae_vaults_three_branches, nicolae_vaults_display_case,
          nicolae_vaults_closet_pinwheel_4, vaults_room_pool,
          nicolae_vaults_little_squares_1, layout_vaults_quadrants
Vaults:2: nicolae_vaults_puzzle_piece, nicolae_vaults_turnstiles,
          nicolae_vaults_storage_closets_3, vaults_dpeg_encased_lava,
          nicolae_vaults_offset_grid_hallway_1,
          nicolae_vaults_windows_and_doors_thing, v_misc_27,
          nicolae_vaults_spaceships, vaults_dpeg_doors,
          nicolae_vaults_tetromino_L_2, st_cells, nicolae_vaults_trapezoid_2,
          hangedman_vaults_corner_blocks, nicolae_vaults_theta,
          layout_vaults_maze_bifur
Vaults:3: v_misc_24, vaults_dpeg_ring, minmay_crypt_entry_nasty_monster,
          nicolae_vaults_storage_closets_1, v_rooms_4,
          hangedman_vaults_capsules, v_misc_25, v_alt_pattern_4,
          nicolae_vaults_tetromino_L_2, nicolae_vaults_sesquioval_fish,
          nicolae_vaults_tetromino_L_1, nicolae_vaults_what_the_h,
          layout_vaults_big_room, serial_shops, nicolae_shop_drivethru
Vaults:4: hangedman_vaults_unwind, nicolae_vaults_big_ls, not_door_vault_due,
          vaults_room_stairs_pillars, ontoclasm_vaults_shuriken,
          hangedman_vaults_maws, nicolae_vaults_more_shelving_1,
          nicolae_vaults_border_crossing, vaults_dpeg_hooks,
          nicolae_vaults_trapezoid_3, nicolae_vaults_cochlea,
          layout_vaults_omnicross, nicolae_trove_entry_crossroad, uniq_aizul,
          uniq_margery
Vaults:5: uniq_xtahua
Crypt:1:  layout_gridlike, mu_enter_wizlab_5, grunt_crypt_arrival_split
Crypt:2:  layout_misc_corridors, gammafunk_ghost_necromancy, minivault_19
Crypt:3:  quadcrypt_mu, uniq_jory
Depths:1: layout_long_grid, grunt_pan_entry_sceptre, nzn_wu_jian_council_hall,
          hell_entry, serial_shops, nicolae_shop_pleasant_corner_grove,
          roderic_roman_lattice, minmay_misc_feat_enclosed,
          minmay_pinched_square
Depths:2: evilmike_lava_path, layout_gridlike, enter_ziggurat_f,
          minmay_misc_feat_chi, pan_entry, grunt_metal_band,
          hangedman_abyss_or_decor_slice
Depths:3: evilmike_diamond_2, layout_cave_pools, hell_entry, abyss_entry,
          unseen_surprise_small, infiniplex_staircase_trident, uniq_parghit
Depths:4: grunt_zot_entry_gee_three, layout_gridlike, hell_entry,
          abyss_entry_crystal, minmay_misc_feat_columns, nicolae_shop_fire_sale
          [nicolae_sub_dead_trees]
Zot:1:    layout_basic
Zot:2:    layout_gridlike
Zot:3:    layout_misc_corridors, lemuel_lake_of_fire, grunt_megastairs_5,
          lemuel_elevator
Zot:4:    dreamdust_black_sun_cult, layout_misc_corridors, zot_minivault_1
Zot:5:    layout_cathedral_of_symmetry

Skill      XL: |  1  2  3  4  5  6  7  8  9 10 11 12 13 14 15 16 17 18 19 20 21 22 23 24 25 26 |
---------------+-------------------------------------------------------------------------------+-----
Stealth        | 1 |  1.7
Fighting       | 2 3 4 6 9 11 12 13 14 15 16 17 18 19 20 21 | 21.7
Armour         | 1 2 4 5 7 8 10 12 14 15 20 | 20.5
Evocations     | 2 3 4 7 10 12 13 14 16 17 18 20 22 23 | 23.4
Throwing       | 1 5 |  5.0
Polearms       | 4 6 |  6.0
Maces & Flails | 7 8 10 | 10.0
Dodging        | 3 6 9 10 | 10.0
Axes           | 3 10 12 14 15 16 17 | 17.1
Shields        | 3 9 13 15 | 15.5
Unarmed Combat | |  2.6
Spellcasting   | |  2.0
Transmutations | |  1.7

Action                     |  1- 3 |  4- 6 |  7- 9 | 10-12 | 13-15 | 16-18 | 19-21 | 22-24 | 25-27 || total
---------------------------+-------+-------+-------+-------+-------+-------+-------+-------+-------++-------
  Melee: Unarmed           |    23 |       |       |       |       |       |       |       |       ||    23
         Kick              |     4 |       |       |       |       |       |       |       |       ||     4
         Headbutt          |     3 |       |       |       |       |       |       |       |       ||     3
         Spear             |    74 |       |       |       |       |       |       |       |       ||    74
         Short sword       |    58 |   209 |    66 |       |       |       |       |       |       ||   333
         Punch             |     1 |     7 |     1 |    20 |    42 |    40 |       |       |       ||   111
         Touch             |       |     9 |    49 |   149 |   334 |   248 |       |       |       ||   789
         Trident           |       |       |   341 |   587 |       |       |       |       |       ||   928
         Whip              |       |       |       |   170 |  1400 |       |       |       |       ||  1570
         War axe           |       |       |       |       |    67 |  1239 |  1251 |   994 |       ||  3551
         Broad axe         |       |       |       |       |       |       |       |   565 |    86 ||   651
   Fire: Sling             |    14 |       |       |       |       |       |       |       |       ||    14
  Throw: Stone             |     1 |    10 |    26 |       |       |       |       |       |       ||    37
         Dart              |       |     9 |     5 |    11 |       |       |       |     1 |       ||    26
         Boomerang         |       |       |     9 |    16 |    15 |     4 |       |       |     8 ||    52
         Javelin           |       |       |       |       |     1 |       |       |    10 |       ||    11
         Throwing net      |       |       |       |       |       |       |       |     1 |       ||     1
   Cast: Beastly Appendage |     5 |       |       |       |       |       |       |       |       ||     5
 Invoke: Call Merchant     |       |       |       |       |     4 |     3 |       |       |       ||     7
         Bribe Branch      |       |       |       |       |       |       |       |     1 |     2 ||     3
Ability: Hurl Damnation    |       |       |       |       |       |       |       |     9 |     4 ||    13
  Evoke: Wand              |       |     8 |     4 |     9 |     7 |    14 |     5 |    27 |       ||    74
         Phantom mirror    |       |       |       |     2 |     4 |     1 |     2 |     2 |       ||    11
         Phial of floods   |       |       |       |       |     2 |     2 |     1 |     1 |       ||     6
         Lightning rod     |       |       |       |       |     1 |    14 |       |    11 |       ||    26
         Tin of tremorston |       |       |       |       |       |     8 |     7 |     6 |       ||    21
    Use: Scroll            |     6 |     3 |    15 |     4 |    11 |     5 |     1 |    22 |     5 ||    72
         Potion            |     2 |       |     5 |     3 |     4 |     4 |     2 |    11 |     2 ||    33
   Stab: Distracted        |       |       |     1 |     9 |    11 |    14 |     9 |    17 |     2 ||    63
         Paralysed         |       |       |       |     2 |     5 |     8 |       |    12 |       ||    27
         Petrified         |       |       |       |       |    11 |       |       |       |       ||    11
         Petrifying        |       |       |       |       |     4 |       |       |       |       ||     4
         Held in net/web   |       |       |       |       |       |       |     2 |     3 |       ||     5
         Invisible         |       |       |       |       |       |       |       |    17 |       ||    17
 Armour: Robe              |     5 |       |       |       |       |       |       |       |       ||     5
         Gold dragon scale |    89 |   247 |   322 |   487 |  1323 |  1493 |   550 |   631 |    41 ||  5183
         Skin              |     2 |       |       |       |       |       |       |       |       ||     2
         Plate armour      |       |       |       |   382 |       |       |       |       |       ||   382
  Dodge: Dodged            |    12 |     6 |    11 |    98 |   171 |   287 |   108 |   204 |     8 ||   905
  Block: Kite shield       |       |       |       |       |       |    47 |   681 |   859 |    33 ||  1620

Table legend: (Time is in decaauts)
 A = Elapsed time spent in this place.
 B = Non-inter-level travel time spent in this place.
 C = Inter-level travel time spent in this place.
 D = Time resting spent in this place.
 E = Time spent auto-exploring this place.
 F = Levels seen in this place.
 G = Mean time per level.
                   A        B        C        D        E       F      G
               +--------+--------+--------+--------+--------+-----+--------+
         Total |  65575 |  57285 |   8290 |   5118 |  37190 |  60 | 1092.9 |
       Dungeon |  24887 |  20851 |   4036 |   3400 |  11136 |  15 | 1659.1 |
          Lair |   6899 |   6023 |    876 |    415 |   4094 |   5 | 1379.8 |
        Shoals |   3145 |   2922 |    223 |     43 |   2099 |   4 |  786.2 |
   Spider Nest |   5389 |   5179 |    210 |    151 |   4066 |   4 | 1347.2 |
    Slime Pits |   2440 |   2340 |    100 |    622 |   1111 |   5 |  488.0 |
  Orcish Mines |   1766 |   1536 |    230 |      3 |   1191 |   2 |  883.0 |
   Elven Halls |   2307 |   2196 |    111 |      0 |   1757 |   3 |  769.0 |
        Vaults |   7614 |   6205 |   1409 |      8 |   4772 |   5 | 1522.8 |
         Crypt |   3256 |   3046 |    210 |     33 |   2252 |   3 | 1085.3 |
        Depths |   5212 |   4636 |    576 |    170 |   3645 |   4 | 1303.0 |
           Zot |   1550 |   1245 |    305 |    208 |    595 |   5 |  310.0 |
         Trove |     89 |     89 |      0 |      0 |     68 |   1 |   89.0 |
       Ossuary |    138 |    138 |      0 |      0 |     57 |   1 |  138.0 |
        Bailey |    671 |    671 |      0 |     63 |    251 |   1 |  671.0 |
      Ice Cave |    191 |    191 |      0 |      0 |     94 |   1 |  191.0 |
        Wizlab |     13 |     13 |      0 |      0 |      1 |   1 |   13.0 |
               +--------+--------+--------+--------+--------+-----+--------+

Top non-repeatable levels by time:
     D:2: 3928 daAuts
     D:1: 2879 daAuts
     D:5: 2142 daAuts
    D:10: 2122 daAuts
    D:14: 2033 daAuts
  Lair:1: 2010 daAuts
Spider:2: 1950 daAuts
Depths:2: 1870 daAuts
Vaults:5: 1594 daAuts
Vaults:1: 1560 daAuts
 Crypt:3: 1538 daAuts
     D:3: 1532 daAuts
Vaults:2: 1523 daAuts
Vaults:3: 1503 daAuts
  Lair:5: 1466 daAuts
